AoeStats
← Sebcol1993

MegaRandom

509237341Analyzed
2v2 RM · 8d ago on Sep 26, 2026· 37m 49s· 4 players
Game mode
Random Map
Map size
Medium (4 player)
Population
200
Speed
Normal
Resources
Standard
Victory
Conquest
Starting age
Dark Age
Ending age
Imperial Age
RankedLock teamsTeams togetherTeam positionsShared explorationLock speedFull tech treeHidden civsTurbo modeCheats
Victory
Defeat
🇺🇸 Celts · United States
1136
+16
🇺🇸 Georgians · United States
1135
+16
🇨🇴 Britons · Colombia
1241
-27
🇦🇺 Celts · Australia
1050
-13
Jersey_TitanX
10:02 Feudal Age
10:01 Loom
10:57 Double-Bit Axe
15:11 Fletching
16:01 Padded Archer Armor
20:52 Castle Age
19:32 Gold Mining
21:01 Crossbowman
25:30 Fishing Lines
28:14 Gillnets
28:49 Town Watch
32:37 Wheelbarrow
32:30 Scale Barding Armor
32:50 Forging
33:50 Husbandry
34:03 Bloodlines
37:10 Imperial Age
34:37 Stone Mining
34:31 Horse Collar
36:18 Chain Barding Armor
37:18 Elite Monaspa
SalmonArepa
12:34 Feudal Age
13:24 Double-Bit Axe
16:49 Castle Age
19:58 Bow Saw
22:25 Fishing Lines
23:33 Wheelbarrow
22:46 Loom
22:49 Town Watch
24:21 Horse Collar
25:34 Hand Cart
25:25 Heavy Plow
26:39 Fletching
28:34 Arson
29:33 Ballistics
29:58 Scale Mail Armor
30:08 Forging
30:43 Stone Mining
30:44 Gold Mining
31:12 Masonry
33:21 Town Patrol
34:15 Chain Mail Armor
34:35 Iron Casting
36:46 Imperial Age
35:38 Stone Shaft Mining
35:38 Gold Shaft Mining
37:03 Capped Ram
Sebcol1993
0:28 Loom
13:07 Feudal Age
14:02 Double-Bit Axe
21:27 Castle Age
21:17 Fletching
26:28 Stone Mining
36:18 Gold Mining
36:15 Town Watch
PNAL | LionelHutz
0:59 Loom
11:22 Feudal Age
12:11 Double-Bit Axe
13:18 Horse Collar
18:30 Castle Age
18:56 Stone Mining
19:59 Fletching
20:46 Bow Saw
21:22 Husbandry
21:45 Padded Archer Armor
22:42 Bodkin Arrow
25:43 Leather Archer Armor
Connection lost

Rejoining the realm…

Still unreachable

The connection could not be restored.

Session expired

The server has moved on; the page needs a fresh start.